 Dungeon Crawl Stone Soup version 0.31-a0-233-g139696dc86 (webtiles) character file.

Game seed: 13132217770088607702

45 qw the Shooter (level 3, -8/29 HPs)
             Began as a Minotaur Hexslinger on July 7, 2023.
             Mangled by Sigmund
             ... wielding a +0 scythe
              (10 damage)
             ... on level 3 of the Dungeon.
             The game lasted 00:00:34 (1216 turns).

qw the Shooter (Minotaur Hexslinger)                Turns: 1216, Time: 00:00:35

Health: -8/29      AC:  5    Str: 10    XL:     3   Next: 42%
Magic:  3/3        EV: 10    Int: 10    God:
Gold:   179        SH:  0    Dex: 14    Spells: 3/4 levels left

rFire   . . .        Y - +1 sling
rCold   . . .        (no shield)
rNeg    . . .        i - +0 ring mail
rPois   .            (helmet restricted)
rElec   .            (no cloak)
rCorr   .            (no gloves)
SInv    .            (no boots)
Will    .....        (no amulet) Stlth
                     (no ring)
HPRegen 0.24/turn    (no ring)
MPRegen 0.08/turn

%: no passive effects
@: confused
A: horns 2, retaliatory headbutt, weak 1, evolution 1
a: no special abilities


You were on level 3 of the Dungeon.
You visited 1 branch of the dungeon, and saw 3 of its levels.

You collected 179 gold pieces.


Innate Abilities, Weirdness & Mutations

You have a pair of horns on your head.
You reflexively headbutt those who attack you in melee.
You are weak. (Str -2)
You have hidden genetic potential.


   Skills:
 - Level 2.0 Fighting
 - Level 4.0 Ranged Weapons
 + Level 0.2 Armour
 - Level 2.1 Dodging
 - Level 1.0 Spellcasting
 - Level 2.0 Hexes


You had 3 spell levels left.
You knew the following spells:

 Your Spells              Type           Power      Damage    Failure   Level
a - Slow                  Hex            16%        N/A       36%         1

Your spell library contained the following spells:

 Spells                   Type           Power      Damage    Failure   Level
 Inner Flame              Hex/Fire       2%         N/A       87%         3
 Portal Projectile        Hex/Tloc       4%         N/A       87%         3
 Cause Fear               Hex            2%         N/A       98%         4

Inventory:

Hand Weapons
 Y - a +1 sling (weapon)
Armour
 i - a +0 ring mail (worn)
Scrolls
 a - a scroll of identify
Potions
 b - a potion of enlightenment {unknown}
 d - a potion of mutation

Dungeon Overview and Level Annotations

Branches:
Dungeon (3/15)

Altars:

Annotations:
D:3 Sigmund


Message History

Where to? (* - list waypoints, Enter - D:3, ? - help)
What level of the Dungeon? (default 1, ? - help)
You climb downwards.
Level annotation: Sigmund
There is a stone staircase leading up here.
Found a stone staircase leading up.
You now have 179 gold pieces (gained 11).
A puff of flame appears from out of thin air!
Deactivating autopickup; reactivate with Ctrl-A.
The puff of flame hits you!
You shoot a sling bullet. You shoot a sling bullet. You shoot a sling bullet.
You hear some strange, mumbled words.
You are confused.
You shoot a sling bullet. Something hits you.
You shoot a sling bullet.
You hear some strange, mumbled words.
You are more confused.
You shoot a sling bullet. Something hits you but does no damage.
You shoot a sling bullet. Something hits you but does no damage.
You shoot a sling bullet. Something hits you but does no damage.
You shoot a sling bullet.
You hear some strange, mumbled words.
You are more confused.
You shoot a sling bullet.
A magic dart appears from out of thin air!
The magic dart hits you.
You shoot a sling bullet. Something hits you!
You shoot a sling bullet.
Sigmund appears from thin air!
Reactivating autopickup.
Sigmund says, "Don't worry, I'll kill you fast."
Sigmund hits you from afar with a +0 scythe!
You die...

#.....## #$#....
#.#...# .....#
##########....#####
#......##..........
#......#...<.......
#......#...@..#
#..........##...#
#.........@# #.#..
#........#.####...#
#.................#
#......###........
######## #......##
##......# #.<.....#


You could see Sigmund.

Vanquished Creatures
  A dart slug (D:1)
  7 bats
  4 endoplasms
  4 giant cockroaches (D:1)
  2 hobgoblins
  2 quokkas (D:1)
  6 ball pythons
  5 frilled lizards
  5 goblins
  A kobold (D:1)
  6 rats
43 creatures vanquished.

Notes
Turn   | Place    | Note
-------+----------+-------------------------------------------
     0 | D:1      | qw the Minotaur Hexslinger began the quest for the Orb.
     0 | D:1      | Reached XP level 1. HP: 16/16 MP: 1/1
     0 | D:1      | 0 ||| qw: Version: 0.3-a-46-gb1f654a
     0 | D:1      | 0 ||| qw: Game counter: 3093
     0 | D:1      | 0 ||| qw: Melee chars always use a shield: true
     0 | D:1      | 0 ||| qw: God list: Okawaru
     0 | D:1      | 0 ||| qw: Allow faded altars: false
     0 | D:1      | 0 ||| qw: Do Orc after clearing Dungeon:15 true
     0 | D:1      | 0 ||| qw: Do second Lair branch before Depths: true
     0 | D:1      | 0 ||| qw: Lair rune preference: random
     0 | D:1      | 0 ||| qw: Goals: Normal
     0 | D:1      | 0 ||| PLANNING D:1-11
    82 | D:1      | Reached skill level 3 in Ranged Weapons
   134 | D:1      | Reached XP level 2. HP: 23/23 MP: 2/2
   205 | D:1      | Found a faded altar of an unknown god.
   603 | D:1      | Reached XP level 3. HP: 26/29 MP: 3/3
   647 | D:1      | 647 ||| UPGRADING to +0 ring mail.
   657 | D:1      | 657 ||| DROPPING +0 robe.
   658 | D:1      | 658 ||| READING scroll labelled WECKEZ JIDYAXA.
   659 | D:1      | 659 ||| READING scroll labelled QAIJOUXOTO.
   660 | D:1      | 660 ||| READING scroll labelled GIHATHR RONEUP.
   661 | D:1      | 661 ||| READING scroll labelled WUUKOFUITY.
   662 | D:1      | 662 ||| READING scroll labelled QOUHYO IBAT.
   663 | D:1      | 663 ||| READING scroll labelled XYVUIL APOSAEH.
   664 | D:1      | 664 ||| DROPPING scroll of poison.
   873 | D:2      | Reached skill level 4 in Ranged Weapons
  1055 | D:2      | 1055 ||| READING scroll labelled APEOSHRYXUI.
  1059 | D:2      | 1059 ||| DRINKING 2 sapphire potions.
  1059 | D:2      | Gained mutation: You are weak. (Str -2) [potion of
                  | mutation]
  1059 | D:2      | Gained mutation: You have hidden genetic potential. [potion
                  | of mutation]
  1072 | D:3      | Noticed Sigmund
  1074 | D:3      | 1074 ||| FLEEEEING.
  1075 | D:3      | 1075 ||| FLEEEEING.
  1076 | D:3      | 1076 ||| FLEEEEING.
  1077 | D:3      | 1077 ||| FLEEEEING.
  1078 | D:3      | 1078 ||| FLEEEEING.
  1079 | D:3      | 1079 ||| STAIRDANCE
  1169 | D:3      | 1169 ||| STAIRDANCE
  1180 | D:3      | 1180 ||| STAIRDANCE
  1215 | D:3      | HP: 2/29 [something (9)]
  1216 | D:3      | Mangled by Sigmund

Levels and vault maps discovered:
D:1:      mrwooster_arrival_arrow, layout_basic, ebering_ecumenical_altar_ruins
D:2:      layout_basic
D:3:      layout_rooms, uniq_jessica, uniq_natasha, uniq_sigmund,
          uniq_crazy_yiuf_cottage, uniq_ijyb

Skill      XL: |  1  2  3 |
---------------+----------+-----
Ranged Weapons | 3 4 |  4.0
Fighting       | 2 |  2.0
Armour         | |  0.2
Dodging        | |  2.1
Spellcasting   | |  1.0
Hexes          | |  2.0

Action                     || total
---------------------------++-------
   Fire: Sling             ||   118
    Use: Scroll            ||     7
         Potion            ||     1
 Armour: Robe              ||     8
         Ring mail         ||     6
  Dodge: Dodged            ||    29

Table legend:
 A = Non-vault XP
 B = Vault XP
 C = Vault XP percentage of total XP
 D = Non-vault monster count
 E = Vault monster count
 F = Vault count percentage of total count
                 A         B        C        D         E       F
            +---------+---------+-------+---------+---------+-------
      Total |      65 |       0 |   0.0 |      43 |       0 |   0.0
            +---------+---------+-------+---------+---------+-------
        D:1 |      47 |       0 |   0.0 |      31 |       0 |   0.0
        D:2 |      18 |       0 |   0.0 |      12 |       0 |   0.0
            +---------+---------+-------+---------+---------+-------
